 Dungeon Crawl Stone Soup version 0.26-a0-651-gb41185065b (webtiles) character file.

Game seed: 4725030092227551996

13028 Apogee the Fighter (level 11, -8/101 HPs)
             Began as a Red Draconian Ice Elementalist on Oct 4, 2020.
             Was a Priest of Sif Muna.
             Shot with a bolt by a yaktaur captain (32 damage)
             ... on level 13 of the Dungeon.
             The game lasted 00:33:18 (14669 turns).

Apogee the Fighter (DrIE)                          Turns: 14669, Time: 00:33:19

Health: -8/101     AC:  9    Str: 12    XL:     11   Next: 70%
Magic:  20/20      EV: 17    Int: 18    God:    Sif Muna [***...]
Gold:   593        SH: 10    Dex: 11    Spells: 12/22 levels left

rFire    + + .     SeeInvis .   n - +2 short sword (elec)
rCold    + . .     Faith    .   i - +0 buckler {rF+}
rNeg     . . .     Spirit   .   (armour unavailable)
rPois    .         Reflect  +   (helmet restricted)
rElec    .         Harm     .   t - +0 cloak
rCorr    .         Rampage  .   C - +0 pair of gloves
MR       .....                  (no boots)
Stlth    +++++.....             O - amulet of reflection
HPRegen  0.26/turn              D - ring of stealth
MPRegen  0.17/turn              o - ring of protection from cold

@: no status effects
A: breathe fire, unfitting armour, fire resistance 1, cold-blooded, AC +7
a: Breathe Fire, Channel Magic, Forget Spell, Renounce Religion


You were on level 13 of the Dungeon.
You worshipped Sif Muna.
Sif Muna was most pleased with you.
You visited 2 branches of the dungeon, and saw 12 of its levels.

You collected 767 gold pieces.
You spent 174 gold pieces at shops.

Inventory:

Hand Weapons
 n - a +2 short sword of electrocution (weapon)
   (You found it on level 7 of the Dungeon)
 v - a +0 short sword
   (You took it off a kobold on level 2 of the Dungeon)
 I - the +5 scythe "Finisher" {speed, eviscerate}
   (You found it on level 13 of the Dungeon)

   Attacks with this weapon are significantly faster.
Missiles
 w - 247 stones (quivered)
 K - 3 throwing nets {!f}
Armour
 i - a +0 buckler of fire resistance (worn)
   (You found it on level 1 of the Dungeon)
 t - a +0 cloak (worn)
   (You found it on level 2 of the Dungeon)
 C - a +0 pair of gloves (worn)
   (You found it on level 6 of the Dungeon)
 H - a +0 kite shield
   (You found it on level 8 of the Dungeon)
Jewellery
 o - a ring of protection from cold (right hand)
   (You found it on level 1 of the Dungeon)
 D - a ring of stealth (left hand)
   (You found it on level 6 of the Dungeon)
 N - an uncursed amulet of regeneration {unknown}
   (You found it on level 7 of the Dungeon)
 O - an amulet of reflection (around neck)
   (You found it on level 9 of the Dungeon)
Wands
 d - a wand of iceblast (9)
   (You found it on level 3 of the Dungeon)
 x - a wand of acid (9)
   (You found it on level 4 of the Dungeon)
 E - a wand of polymorph (5)
   (You found it on level 6 of the Dungeon)
Scrolls
 b - 2 scrolls of immolation {!r}
 h - 5 scrolls of random uselessness {unknown}
 k - 5 scrolls of enchant armour
 r - 2 scrolls of blinking {unknown}
 s - 5 scrolls of remove curse {@r2}
 y - 2 scrolls of amnesia {unknown}
 z - 4 scrolls of teleportation {unknown}
 B - a scroll of noise {unknown}
 F - 2 scrolls of enchant weapon {unknown}
 J - a scroll of fog {unknown}
 M - a scroll of magic mapping
Potions
 a - a potion of haste {unknown}
 c - 4 potions of stabbing {unknown}
 e - 5 potions of degeneration {!q}
 f - 2 potions of heal wounds {@q2}
 g - 2 potions of magic
 j - a potion of lignification {!q}
 l - 2 potions of invisibility {unknown}
 m - 5 potions of flight
 p - 3 potions of curing {@q1}
 q - 4 potions of resistance
 u - 2 potions of might {unknown}
 A - a potion of brilliance {unknown}
 G - 2 potions of mutation {unknown}
 L - 2 potions of ambrosia {unknown}


   Skills:
 + Level 10.4 Fighting
 - Level 2.0 Short Blades
 + Level 9.8 Dodging
 - Level 8.0 Stealth
 - Level 5.0 Shields
 - Level 6.0 Spellcasting
 - Level 2.0 Transmutations
 - Level 5.0 Ice Magic
 - Level 2.0 Poison Magic


You had 12 spell levels left.
You knew the following spells:

 Your Spells              Type           Power        Failure   Level
a - Freeze                Ice            ###.         1%          1
b - Frozen Ramparts       Ice            ###...       4%          3
c - Ozocubu's Armour      Ice            ###.....     4%          3
x - Spider Form           Tmut/Pois      ##........   16%         3

Your spell library contained the following spells:

 Spells                   Type           Power        Failure   Level
 Beastly Appendage        Tmut           ##....       5%          1
 Wereblood                Tmut           ##......     8%          2
 Ice Form                 Ice/Tmut       ###.....     28%         4
 Hailstorm                Conj/Ice       ##......     38%         4
 Summon Ice Beast         Ice/Summ       ##......     38%         4
 Blade Hands              Tmut           ##........   82%         5


Dungeon Overview and Level Annotations

Branches:
Dungeon (10/15)            Temple (1/1) D:6             Orc (0/2) D:10
 Vaults (0/5) D:13
   Lair: D:8-11

Altars:
Cheibriados
Elyvilon
Fedhas
Gozag
Kikubaaqudgha
Makhleb
Nemelex Xobeh
Okawaru
Sif Muna
Trog
Vehumet
Wu Jian
Xom
Yredelemnul
Zin
The Shining One

Shops:
D:7 ?   D:10 [

Annotations:
D:10 Sonja


Innate Abilities, Weirdness & Mutations

You can breathe blasts of fire.
Your fiery red scales are hard. (AC +7)
You cannot fit into any form of body armour.
Your flesh is heat resistant. (rF+)
You are cold-blooded and may be slowed by cold attacks.


Message History

A film of ice covers your body! You block the centaur warrior's attack.
The walls around you are covered in ice.
The wall freezes the centaur warrior.
You block the centaur warrior's attack.
The wall freezes the centaur warrior.
The centaur warrior completely misses you.
You breathe a blast of fire.
The fiery breath misses the centaur warrior.
The centaur warrior is engulfed in blazing flames.
The wall freezes the centaur warrior.
The centaur warrior closely misses you.
You closely miss the centaur warrior.
The centaur warrior is engulfed in blazing flames.
The wall freezes the centaur warrior.
You block the centaur warrior's attack.
The centaur warrior is engulfed in blazing flames.
The wall freezes the centaur warrior.
The centaur warrior misses you.
You hit the centaur warrior but do no damage.
The centaur warrior is engulfed in blazing flames.
You kill the centaur warrior!
Sif Muna accepts your kill.
You start resting.
The frozen ramparts melt away.
You start resting.
You have got your breath back.
Your icy armour cracks and falls away as you move.
Things that are here:
a +0 longbow; 12 arrows; a centaur corpse You see here an arrow.
You see here an arrow.
Found a scroll labeled VORAL DOTSIRUA.
z - 4 scrolls labeled VORAL DOTSIRUA (gained 1)
Found a scroll of remove curse.
A yaktaur comes into view.
A yaktaur is nearby!
A yaktaur is nearby!
Found a gate to the Vaults.
A yaktaur and a yaktaur captain come into view.
The yaktaur captain shouts!
The yaktaur shouts! x2
The yaktaur captain wields a +0 arbalest.
The yaktaur captain shoots a bolt.
The bolt hits you!!
The yaktaur wields a +0 arbalest.
The yaktaur shoots a bolt.
The bolt hits you!!
The yaktaur wields a +0 arbalest.
The yaktaur shoots a bolt.
The bolt hits you!!
* * * LOW HITPOINT WARNING * * *
You see here 3 bolts.
Okay, then.
The yaktaur shoots a bolt.
The bolt hits you!
* * * LOW HITPOINT WARNING * * *
You see here a bolt.
Unknown command.
The yaktaur captain shoots a bolt.
The bolt hits you!!
You die...

......# #.# ......# #.#
######### ........ ...
.......... ####.#### #.#
#......... #.# #.# #.....#.#
#.# #.# #........ #.# #.#
##...c.###
####.##########.####.c..c..∩#
................@.(..#......#
.....#################........
.....# #c....... .....#
#####.... .....# ... .....# ##
.....# ######


You could see a yaktaur captain.

Vanquished Creatures
  Harold (D:8)
  A centaur warrior (D:13)
  3 ugly things (D:13)
  Maurice (D:13)
  Joseph (D:8)
  2 centaur zombies (D:13)
  A gargoyle (D:10)
  A komodo dragon (D:10)
  A tengu conjurer (D:13)
  A hornet (D:8)
  5 slime creatures (D:13)
  3 hippogriffs (D:8)
  A wyvern (D:8)
  6 wraiths (D:13)
  3 vampire mosquitoes (D:13)
  A soldier ant (D:10)
  A water moccasin (D:8)
  7 orc warriors
  4 ice beasts
  A phantom (D:8)
  7 ogres
  2 centaurs
  2 big kobolds (D:9)
  2 bullfrogs
  3 scorpions
  2 wyvern skeletons
  8 killer bees
  16 wights
  5 howler monkeys
  2 bullfrog zombies
  2 hounds
  2 centaur skeletons
  A jelly (D:10)
  A bullfrog skeleton (D:5)
  11 orc priests
  8 orc wizards
  Terence (D:2)
  Natasha (thrice) (D:3)
  3 iguanas
  9 worker ants
  A worker ant zombie (D:7)
  8 adders
  3 white imps
  7 oozes
  2 worms (D:2)
  3 dart slugs
  3 leopard geckos
  39 orcs
  12 giant cockroaches
  5 goblins
  6 hobgoblins
  6 jackals
  4 quokkas
  6 bats
  6 frilled lizards
  17 kobolds
  A quokka skeleton (D:4)
  8 rats
272 creatures vanquished.

Notes
Turn   | Place    | Note
-------+----------+-------------------------------------------
     0 | D:1      | Apogee the Draconian Ice Elementalist began the quest for
                  | the Orb.
     0 | D:1      | Reached XP level 1. HP: 14/14 MP: 3/3
     3 | D:1      | Found a runed translucent door.
   122 | D:1      | Reached XP level 2. HP: 20/20 MP: 5/5
   874 | D:1      | Reached XP level 3. HP: 26/26 MP: 7/7
  1162 | D:1      | Reached XP level 4. HP: 26/33 MP: 5/8
  1277 | D:2      | Learned a level 3 spell: Frozen Ramparts
  1281 | D:2      | Learned a level 3 spell: Ozocubu's Armour
  1292 | D:2      | Noticed Terence
  1515 | D:2      | Killed Terence
  1515 | D:2      | Reached skill level 5 in Ice Magic
  2423 | D:2      | Reached XP level 5. HP: 37/38 MP: 6/10
  3452 | D:3      | Noticed Natasha
  3463 | D:3      | Killed Natasha
  3554 | D:3      | Found a faded altar of an unknown god.
  3704 | D:3      | Noticed Natasha
  3711 | D:3      | Killed Natasha
  3743 | D:3      | Noticed Natasha
  3750 | D:3      | Killed Natasha
  3980 | D:4      | Reached skill level 1 in Fighting
  3980 | D:4      | Reached skill level 1 in Shields
  3980 | D:4      | Reached XP level 6. HP: 42/47 MP: 5/12
  4047 | D:4      | Found a basalt altar of Yredelemnul.
  4052 | D:4      | Found a glowing golden altar of the Shining One.
  4056 | D:4      | Noticed a profane servitor
  4070 | D:4      | Noticed an angel
  4129 | D:4      | Found a burning altar of Makhleb.
  4129 | D:4      | Noticed a blizzard demon
  4138 | D:4      | Noticed a hellwing
  4138 | D:4      | Noticed an orange demon
  4458 | D:4      | Found a white marble altar of Elyvilon.
  4581 | D:5      | Entered Level 5 of the Dungeon
  4668 | D:5      | Noticed an ice beast
  4702 | D:5      | Reached skill level 2 in Fighting
  4844 | D:5      | Reached skill level 3 in Fighting
  4973 | D:5      | Your scales start taking on a fiery red colour.
  4973 | D:5      | Reached XP level 7. HP: 52/57 MP: 10/13
  4973 | D:5      | Gained mutation: Your flesh is heat resistant. (rF+) [Red
                  | Draconian growth]
  5647 | D:5      | Reached skill level 4 in Fighting
  6408 | D:6      | Found an ornate altar of the Wu Jian Council.
  6408 | D:6      | Found a shimmering altar of Xom.
  6409 | D:6      | Found a sparkling altar of Nemelex Xobeh.
  6415 | D:6      | Reached skill level 5 in Fighting
  6484 | D:6      | Found a glowing silver altar of Zin.
  6545 | D:6      | Reached skill level 5 in Shields
  6545 | D:6      | Reached XP level 8. HP: 68/68 MP: 14/14
  6596 | D:6      | Reached skill level 1 in Short Blades
  7135 | D:6      | Found a staircase to the Ecumenical Temple.
  7144 | Temple   | Entered the Ecumenical Temple
  7214 | Temple   | Became a worshipper of Sif Muna the Loreminder
  7271 | D:6      | Reached skill level 5 in Dodging
  7281 | D:6      | Reached skill level 5 in Ice Magic
  8058 | D:7      | You fall into a shaft and drop 2 floors!
  8092 | D:8      | Noticed a hornet
  8093 | D:8      | Noticed Joseph
  8112 | D:8      | Noticed a hippogriff
  8122 | D:8      | Paralysed by a hornet for 1 turns
  8125 | D:8      | Killed a hornet
  8125 | D:8      | Reached XP level 9. HP: 30/74 MP: 11/15
  8128 | D:8      | Killed Joseph
  8128 | D:8      | Reached skill level 5 in Stealth
  8138 | D:8      | Reached skill level 6 in Fighting
  8451 | D:8      | Reached skill level 5 in Spellcasting
  8778 | D:8      | Reached * piety under Sif Muna
  8785 | D:8      | Reached skill level 7 in Fighting
  8913 | D:8      | Found a blossoming altar of Fedhas.
  9053 | D:8      | Found a snail-covered altar of Cheibriados.
  9125 | D:8      | Reached skill level 8 in Fighting
  9184 | D:8      | Noticed Harold
  9202 | D:8      | Killed Harold
  9202 | D:8      | Reached XP level 10. HP: 47/88 MP: 8/19
  9408 | D:8      | Found an opulent altar of Gozag.
 10035 | D:7      | Found Byruof's Magic Scroll Emporium.
 10046 | D:7      | Bought a scroll of immolation for 42 gold pieces
 10046 | D:7      | Bought a scroll of enchant armour for 90 gold pieces
 10046 | D:7      | Bought a scroll of magic mapping for 42 gold pieces
 10641 | D:9      | Reached ** piety under Sif Muna
 11457 | D:9      | Found a bloodstained altar of Trog.
 11458 | D:9      | Found an iron altar of Okawaru.
 11537 | D:10     | Entered Level 10 of the Dungeon
 11829 | D:10     | Found Uhae's Armour Emporium.
 11831 | D:10     | Found a staircase to the Orcish Mines.
 12101 | D:10     | Noticed Sonja
 12297 | D:10     | Learned a level 3 spell: Spider Form
 12410 | D:10     | Noticed a gargoyle
 12420 | D:10     | Killed a gargoyle
 12420 | D:10     | Reached skill level 1 in Transmutations
 12420 | D:10     | Reached skill level 1 in Poison Magic
 12820 | D:10     | You fall into a shaft and drop 3 floors!
 12821 | D:13     | Noticed a red ugly thing
 12841 | D:13     | Reached XP level 11. HP: 78/94 MP: 13/20
 12850 | D:13     | Killed a red ugly thing
 12850 | D:13     | Reached *** piety under Sif Muna
 13498 | D:13     | Noticed a red ugly thing
 13520 | D:13     | Reached skill level 9 in Fighting
 13832 | D:13     | Noticed a red ugly thing
 13846 | D:13     | Killed a red ugly thing
 13923 | D:13     | Noticed Maurice
 13940 | D:13     | Killed a purple ugly thing
 14023 | D:13     | Killed Maurice
 14165 | D:13     | Reached skill level 10 in Fighting
 14477 | D:13     | Found the +5 scythe "Finisher" {speed, eviscerate}
 14587 | D:13     | Noticed a centaur warrior
 14601 | D:13     | Killed a centaur warrior
 14661 | D:13     | Found a gate to the Vaults.
 14662 | D:13     | Noticed a yaktaur captain
 14669 | D:13     | Shot with a bolt by a yaktaur captain

Illustrated notes

Levels and vault maps discovered:
D:1:      dpeg_arrival_caged_fury, layout_basic, minmay_misc_feat_tiny,
          minmay_small_reverse_x
D:2:      minmay_general_purpose_star, layout_basic,
          chequers_serial_rivers_room_b, chequers_big_river,
          minmay_misc_feat_tower, kennysheep_cross_bottleneck, uniq_terence
D:3:      layout_loops_ring, chequers_ecumenical_altar_island, uniq_natasha
D:4:      layout_cave_pools, grunt_temple_overflow_holy_war,
          makhleb_altar_promises_db, elyvilon_altar_1
D:5:      layout_basic
D:6:      layout_loops_ring, lemuel_coloured_pillars_altar,
          gammafunk_temple_overflow_claw, minmay_temple_entry_trees
D:7:      layout_basic, serial_shops, shop_scrolls, minmay_chambers_of_fives
D:8:      layout_basic, fedhas_bush_and_centaur_altar, cheibriados_altar_1,
          overflow_temple_1_default, hangedman_minor_gate_pass, uniq_joseph,
          uniq_harold
D:9:      layout_cross, grunt_temple_overflow_bloody_war
D:10:     layout_irregular_city, orc_david_3, kennysheep_another_room,
          minmay_misc_feat_roman, okawaru_ov_weapons_minmay, uniq_sonja
D:13:     layout_small_grid, david_vaults_2, minmay_guarded_unrand_finisher,
          uniq_maurice
Temple:   nicolae_temple_figure_zero

Skill      XL: |  1  2  3  4  5  6  7  8  9 10 11 |
---------------+----------------------------------+-----
Spellcasting   | 3 4 6 |  6.0
Ice Magic      | 5 6 4 5 |  5.0
Fighting       | 1 3 5 8 10 | 10.4
Shields        | 1 2 5 |  5.0
Dodging        | 2 5 8 9 |  9.8
Short Blades   | 2 |  2.0
Stealth        | 4 5 8 |  8.0
Transmutations | 2 |  2.0
Poison Magic   | 2 |  2.0

Action                   |  1- 3 |  4- 6 |  7- 9 | 10-12 || total
-------------------------+-------+-------+-------+-------++-------
Melee: Mace              |   136 |    49 |       |       ||   185
       Tailslap          |     8 |    11 |    25 |    42 ||    86
       Short sword       |       |    87 |   229 |   291 ||   607
Throw: Stone             |       |     7 |     1 |     6 ||    14
 Cast: Freeze            |    15 |    19 |       |       ||    34
       Frozen Ramparts   |       |    17 |    24 |    43 ||    84
       Ozocubu's Armour  |       |     6 |     6 |    31 ||    43
 Abil: Breathe Fire      |       |       |    21 |    23 ||    44
Evoke: Wand              |       |       |     4 |     1 ||     5
  Use: Scroll            |       |     2 |     8 |     1 ||    11
       Potion            |       |       |     1 |       ||     1
 Stab: Sleeping          |     2 |     1 |     9 |     6 ||    18
       Distracted        |       |       |       |     1 ||     1
Armor: Skin              |    56 |    60 |    64 |    64 ||   244
Dodge: Dodged            |   128 |   100 |   122 |   202 ||   552
Block: Buckler           |       |     4 |    43 |   138 ||   185
       Reflection        |       |       |       |     5 ||     5

Table legend: (Time is in decaauts)
 A = Elapsed time spent in this place.
 B = Non-inter-level travel time spent in this place.
 C = Inter-level travel time spent in this place.
 D = Time resting spent in this place.
 E = Time spent auto-exploring this place.
 F = Levels seen in this place.
 G = Mean time per level.
                   A        B        C        D        E       F      G
               +--------+--------+--------+--------+--------+-----+--------+
         Total |  14825 |  14513 |    312 |   3669 |   7964 |  12 | 1235.4 |
       Dungeon |  14745 |  14441 |    304 |   3669 |   7915 |  11 | 1340.5 |
        Temple |     79 |     71 |      8 |      0 |     49 |   1 |   79.0 |
               +--------+--------+--------+--------+--------+-----+--------+

Top non-repeatable levels by time:
     D:8: 2546 daAuts
    D:13: 1875 daAuts
     D:5: 1705 daAuts
     D:2: 1689 daAuts
     D:1: 1461 daAuts
     D:6: 1248 daAuts
     D:7: 1065 daAuts
    D:10: 1014 daAuts
     D:3: 914 daAuts
     D:4: 621 daAuts
     D:9: 602 daAuts
  Temple: 79 daAuts
